 Dungeon Crawl Stone Soup version bcrawl-1.32 (webtiles) character file.

Game seed: 12135947388679796131

152204 Morbidden the Ducker (level 5, -1/44 HPs)
             Began as a Centaur Archaeologist on July 8, 2021.
             Killed by divine providence
             ... invoked by an orc priest
              (10 damage)
             ... on level 2 of the Dungeon.
             The game lasted 00:03:52 (3047 turns).

Morbidden the Ducker (Centaur Archaeologist)        Turns: 3047, Time: 00:03:53

Health: -1/44      AC:  6    Str: 16    XL:     5   Next: 76%
Magic:  5/5        EV: 10    Int: 14    God:
Gold:   79         SH:  0    Dex:  8    Spells: 4/4 levels left

rFire    . . .     SeeInvis .   a - +0 flail
rCold    . . .     Gourm    .   (no shield)
rNeg     . . .     Faith    .   c - +1 robe
rPois    .         Spirit   .   q - +0 helmet
rElec    .         Reflect  .   (no cloak)
rCorr    .         Harm     .   (no gloves)
MR       .....                  (no barding)
Stlth    +.........             (no amulet)
HPRegen  0.14/turn              (no ring)
MPRegen  0.09/turn              (no ring)

@: very quick
A: large, hooves 3, deformed body, herbivore, speed 2, tough skin 3
a: no special abilities


You were on level 2 of the Dungeon.
You were hungry.

You visited 1 branch of the dungeon, and saw 3 of its levels.

You collected 79 gold pieces.

Inventory:

Hand Weapons
 a - a +0 flail (weapon)
 b - a +0 blowgun
Missiles
 f - 6 curare-tipped needles
 m - 226 arrows
 r - 62 exploding tomahawks (quivered)
Armour
 c - a +1 robe (worn)
 q - a +0 helmet (worn)
Jewellery
 s - an uncursed ring of magical power {unknown}
Scrolls
 g - a scroll of magic mapping
 h - a scroll of enchant weapon {unknown}
 i - a scroll of identify
 j - a scroll of teleportation {unknown}
 k - a scroll of fog {unknown}
 n - 2 scrolls of remove curse {unknown}
 o - 2 scrolls of blinking {unknown}
Potions
 d - a potion of ambrosia {unknown}
 l - a potion of berserk rage
 p - 2 potions of curing {unknown}
Comestibles
 e - 6 rations {!d}


   Skills:
 * Level 2.8 Fighting
 + Level 3.3 Maces & Flails
 + Level 3.4 Dodging
 + Level 2.5 Stealth


You had 4 spell levels left.
You didn't know any spells.
Your spell library was empty.

Dungeon Overview and Level Annotations

Branches:
Dungeon (3/12)

Altars:
Makhleb

Annotations:
D:2 1 runed door


Innate Abilities, Weirdness & Mutations

You have hooves in place of feet.
Armour fits poorly on your strangely shaped body.
You are a herbivore.
You cover ground very quickly.
You have extremely tough skin. (AC +3)


Message History

The exploding tomahawk hits the orc priest.
The orc priest is lightly wounded.
The exploding tomahawk explodes!
The explosion of tomahawk fragments engulfs the orc priest!
The orc priest is almost dead.
The explosion of tomahawk fragments engulfs the orc wizard.
The orc wizard is moderately wounded.
No path to travel!
Throwing (i - inventory)
r - 62 exploding tomahawks (quivered)
Press: ? - help, Shift-Dir - straight line, f/p - orc wizard
Aim: an orc wizard, wielding a +0 dagger and wearing a +0 robe (moderately wounded) That explosion of tomahawk fragments is likely to hit you.
Continue anyway?
Okay, then.
No path to travel!
You barely miss the orc wizard. Your kick misses the orc wizard.
The orc wizard is moderately wounded.
The orc wizard misses you. The orc wizard barely misses you.
The orc priest invokes the aid of Beogh against you.
Beogh smites you!
You die...

##.......##
#.....# ##.....##
#.#.#.# ##...##
#.#...# ##'##
#.###.# #.# #.#
#.# #)# #.###.#
##.## #.....#
##...## ########.#
#.....###..oo@...#
##...###...#######
######.####...#
..............#
###############


You could see an orc priest and an orc wizard.

Vanquished Creatures
  A water moccasin skeleton (D:2)
  A crimson imp (D:3)
  An orc wizard (D:3)
  Jessica (D:2)
  Robin (D:2)
  An adder (D:3)
  An ooze (D:3)
  2 worms (D:3)
  A dart slug (D:2)
  A leopard gecko (D:2)
  7 orcs
  3 ball pythons
  2 giant cockroaches (D:2)
  9 goblins
  10 hobgoblins
  2 jackals (D:1)
  3 bats
  3 frilled lizards
  7 kobolds
  3 rats (D:1)
60 creatures vanquished.

Notes
Turn   | Place    | Note
-------+----------+-------------------------------------------
     0 | D:1      | Morbidden the Centaur Archaeologist began the quest for the
                  | Orb.
     0 | D:1      | Reached XP level 1. HP: 16/16 MP: 1/1
   329 | D:1      | Got a brightly glowing sapphire amulet
   522 | D:1      | Reached XP level 2. HP: 5/23 MP: 2/2
  1363 | D:2      | Found a runed door.
  1489 | D:2      | Noticed Jessica
  1496 | D:2      | Killed Jessica
  1497 | D:2      | Reached XP level 3. HP: 26/28 MP: 3/3
  1581 | D:2      | Reached XP level 4. HP: 8/36 MP: 4/4
  1762 | D:2      | Found a burning altar of Makhleb.
  1964 | D:2      | Noticed Robin
  2139 | D:2      | Killed Robin
  2256 | D:2      | Identified the amulet of the Heavens {Inacc rPois} (You
                  | found it on level 1 of the Dungeon)
  2410 | D:3      | Reached XP level 5. HP: 36/42 MP: 5/5
  2410 | D:3      | Identified a scroll of acquirement
  2419 | D:2      | Identified the +0 cloak of Laeqorug {rC+ Int+2} (You
                  | acquired it on level 2 of the Dungeon)
  3047 | D:2      | Killed from afar by an orc priest

Skill      XL: |  1  2  3  4 |
---------------+-------------+-----
Maces & Flails | 2 3 |  3.3
Fighting       | 2 |  2.8
Dodging        | 3 |  3.4
Stealth        | |  2.5

Action                   |  1- 3 |  4- 6 || total
-------------------------+-------+-------++-------
Melee: Whip              |   112 |    73 ||   185
       Kick              |    11 |    28 ||    39
       Flail             |       |    49 ||    49
Throw: Tomahawk          |       |     5 ||     5
  Use: Scroll            |       |     2 ||     2
 Stab: Sleeping          |     1 |       ||     1
  Eat: Ration            |     1 |     2 ||     3
Armor: Robe              |    45 |    59 ||   104
Dodge: Dodged            |    65 |    91 ||   156
